 Dungeon Crawl Stone Soup version 0.29-a0-1009-g60c99734e7 (webtiles) character file.

Game seed: 13583618363020451451

72 drpainis the Sneak (level 4, 0/21 HPs)
             Began as a Spriggan Enchanter on Aug 8, 2022.
             Frozen to death by an endoplasm (1 damage)
             ... on level 2 of the Dungeon.
             The game lasted 00:04:44 (4321 turns).

drpainis the Sneak (Spriggan Enchanter)             Turns: 4321, Time: 00:04:44

Health: 0/21       AC:  2    Str:  4    XL:     4   Next: 7%
Magic:  2/9        EV: 18    Int: 22    God:
Gold:   132        SH:  0    Dex: 17    Spells: 7/9 levels left

rFire   . . .      SeeInvis +   a - +1 dagger
rCold   . . .      Faith    .   (no shield)
rNeg    . . .      Spirit   .   b - +0 robe
rPois   .          Reflect  .   (helmet restricted)
rElec   .          Harm     .   (no cloak)
rCorr   .          Rampage  .   (gloves unavailable)
Will    .....                   (boots unavailable)
Stlth   +++.......              (no amulet)
HPRegen 0.07/turn               h - +6 ring of intelligence
MPRegen 0.11/turn               (no ring)

@: invisible, very quick
A: very small, no large weapons, unfitting armour, see invisible, speed 3
a: no special abilities


You were on level 2 of the Dungeon.
You visited 1 branch of the dungeon, and saw 2 of its levels.

You collected 132 gold pieces.

Inventory:

Hand Weapons
 a - a +1 dagger (weapon)
Armour
 b - a +0 robe (worn)
Jewellery
 h - a +6 ring of intelligence (left hand)
Scrolls
 d - a scroll of enchant armour {unknown}
 f - 2 scrolls of fear {unknown}
 g - 3 scrolls of identify {unknown}
 i - a scroll of amnesia {unknown}
Potions
 e - 4 potions of curing
 j - a potion of ambrosia {unknown}
 k - a potion of might {unknown}


   Skills:
 + Level 0.2 Fighting
 + Level 1.4 Short Blades
 + Level 3.1 Dodging
 + Level 5.6 Stealth
 + Level 3.2 Spellcasting
 + Level 4.2 Hexes
 + Level 0.8 Ice Magic


You had 7 spell levels left.
You knew the following spells:

 Your Spells              Type           Power      Damage    Failure   Level
a - Ensorcelled Hibernat  Hex/Ice        28%        N/A       6%          2

Your spell library contained the following spells:

 Spells                   Type           Power      Damage    Failure   Level
 Confusing Touch          Hex            22%        N/A       6%          3
 Tukima's Dance           Hex            22%        N/A       6%          3
 Dazzling Flash           Conj/Hex       24%        N/A       16%         3


Dungeon Overview and Level Annotations

Branches:
Dungeon (2/15)

Altars:


Innate Abilities, Weirdness & Mutations

You are very small and have problems with some larger weapons.
You are too small for most types of armour.
You have supernaturally acute eyesight. (SInv)
You cover ground extremely quickly. (Speed+++)


Message History

Aiming: Ensorcelled Hibernation (safe; 6% risk of failure)
Press: ? - help, Shift-Dir - straight line, f - endoplasm
Aim: an endoplasm (wandering, hasn't noticed you, chance to affect: 65%)
The endoplasm quivers.
The endoplasm resists with significant effort.
Casting: Ensorcelled Hibernation (safe; 6% risk of failure)
Confirm with . or Enter, or press ? or * to list all spells.
Aiming: Ensorcelled Hibernation (safe; 6% risk of failure)
Press: ? - help, Shift-Dir - straight line, f/p - endoplasm
Aim: an endoplasm (chance to affect: 65%)
The endoplasm resists with significant effort.
Casting: Ensorcelled Hibernation (safe; 6% risk of failure)
Confirm with . or Enter, or press ? or * to list all spells.
Aiming: Ensorcelled Hibernation (safe; 6% risk of failure)
Press: ? - help, Shift-Dir - straight line, f/p - endoplasm
Aim: an endoplasm (chance to affect: 65%)
The endoplasm resists with significant effort.
The endoplasm misses you.
Casting: Ensorcelled Hibernation (safe; 6% risk of failure)
Confirm with . or Enter, or press ? or * to list all spells.
Aiming: Ensorcelled Hibernation (safe; 6% risk of failure)
Press: ? - help, Shift-Dir - straight line, f/p - endoplasm
Aim: an endoplasm (chance to affect: 65%)
The endoplasm resists with significant effort.
Casting: Ensorcelled Hibernation (safe; 6% risk of failure)
Confirm with . or Enter, or press ? or * to list all spells.
You don't have enough magic to cast this spell.
Unknown command.
The endoplasm freezes you.
You are frozen.
* * * LOW HITPOINT WARNING * * *
You barely miss the endoplasm. The endoplasm freezes you.
You are frozen.
* * * LOW HITPOINT WARNING * * *
You completely miss the endoplasm.
You fade into invisibility!
The endoplasm freezes you.
You are frozen.
You die...

#.#####.......##
#..............#
#######......###
#......#
#......#♣♣♣
#..........
#..........
########.####.#♣♣♣
#..@J....####.#
#######.......#
#.####### #.#
#.#######
#.......#
#.##.##.#♣♣
#.##.##...♣♣
#.##.##.#♣.♣♣♣


You could see an endoplasm.

Vanquished Creatures
  2 adders (D:2)
  3 bats (D:1)
  2 endoplasms (D:1)
  3 giant cockroaches
  3 goblins
  6 hobgoblins (D:1)
  10 jackals (D:1)
  7 kobolds
  2 quokkas
  6 ball pythons
  2 rats (D:1)
46 creatures vanquished.

Notes
Turn   | Place    | Note
-------+----------+-------------------------------------------
     0 | D:1      | drpainis the Spriggan Enchanter began the quest for the
                  | Orb.
     0 | D:1      | Reached XP level 1. HP: 9/9 MP: 5/5
   502 | D:1      | Reached XP level 2. HP: 2/13 MP: 6/6
   860 | D:1      | Learned a level 2 spell: Ensorcelled Hibernation
  1952 | D:1      | Reached XP level 3. HP: 16/16 MP: 1/8
  2221 | D:1      | Reached skill level 5 in Stealth
  2285 | D:1      | Found a faded altar of an unknown god.
  4066 | D:2      | Reached XP level 4. HP: 19/21 MP: 6/9
  4180 | D:2      | HP: 1/21 [frozen (5)]
  4317 | D:2      | HP: 1/21 [frozen (4)]
  4321 | D:2      | Frozen to death by an endoplasm

Illustrated notes

Levels and vault maps discovered:
D:1:      scummos_arrival_hexagon, layout_basic, basic_ecumenical_altar,
          corexii_item_surrounded_by_moat, hangedman_decor_diamond_cutter
D:2:      kb_forest_paths, layout_basic, minmay_diced_spiral

Skill      XL: |  1  2  3 |
---------------+----------+-----
Hexes          | 4 |  4.2
Spellcasting   | 3 |  3.2
Dodging        | 3 |  3.1
Stealth        | 5 |  5.6
Fighting       | |  0.2
Short Blades   | |  1.4
Ice Magic      | |  0.8

Action                   |  1- 3 |  4- 6 || total
-------------------------+-------+-------++-------
Melee: Dagger            |   146 |     7 ||   153
 Cast: Ensorcelled Hiber |    20 |     6 ||    26
  Use: Potion            |     2 |     1 ||     3
 Stab: Sleeping          |    21 |       ||    21
       Invisible         |     1 |       ||     1
Armor: Robe              |    14 |       ||    14
Dodge: Dodged            |   128 |     3 ||   131

Table legend: (Time is in decaauts)
 A = Elapsed time spent in this place.
 B = Non-inter-level travel time spent in this place.
 C = Inter-level travel time spent in this place.
 D = Time resting spent in this place.
 E = Time spent auto-exploring this place.
 F = Levels seen in this place.
 G = Mean time per level.
                   A        B        C        D        E       F      G
               +--------+--------+--------+--------+--------+-----+--------+
         Total |   3798 |   3797 |      1 |   2696 |    655 |   2 | 1899.0 |
       Dungeon |   3798 |   3797 |      1 |   2696 |    655 |   2 | 1899.0 |
               +--------+--------+--------+--------+--------+-----+--------+

Top non-repeatable levels by time:
     D:1: 3411 daAuts
     D:2: 386 daAuts
